 Dungeon Crawl Stone Soup version 0.22.1-1-ga44c0e56f4 (webtiles) character file.

9703 Mjsee792 the Blocker (level 11, -1/102 HPs)
             Began as a Minotaur Fighter on Oct 14, 2018.
             Was a High Priest of Okawaru.
             Slain by a soul eater (11 damage)
             ... summoned by a kobold demonologist
             ... on level 11 of the Dungeon.
             The game lasted 00:26:12 (8802 turns).

Mjsee792 the Blocker (Minotaur Fighter)             Turns: 8802, Time: 00:26:14

Health: -1/102     AC: 22    Str: 21    XL:     11   Next: 26%
Magic:  10/10      EV:  8    Int:  5    God:    Okawaru [*****.]
Gold:   168        SH: 14    Dex: 13    Spells: 10/10 levels left

rFire    . . .     SeeInvis +   N - +4 scimitar of the Unkillable {flame, rN+ MR+}
rCold    . . .     Gourm    .   c - +1 shield
rNeg     + . .     Faith    .   n - +0 plate armour
rPois    .         Spirit   .   (helmet restricted)
rElec    .         Reflect  .   E - +0 cloak
rCorr    +         Harm     .   M - +1 pair of gloves
MR       +....     Clarity  +   m - +0 pair of boots
Stlth    ..........             K - amulet of rage
HPRegen  0.27/turn              C - ring of resist corrosion
MPRegen  0.12/turn              L - ring of see invisible

@: lethally poisoned (-1 -> -3)
A: retaliatory headbutt, horns 2, yellow scales 1, clarity
a: Heroism, Finesse, Renounce Religion, Evoke Berserk Rage


You were on level 11 of the Dungeon.
You worshipped Okawaru.
Okawaru was extremely pleased with you.
You were near starving.

You visited 2 branches of the dungeon, and saw 12 of its levels.

You collected 629 gold pieces.
You spent 461 gold pieces at shops.

Inventory:

Hand Weapons
 k - a +1 war axe of flaming
 N - the +4 scimitar of the Unkillable (weapon) {flame, rN+ MR+}
   (You bought it in a shop on level 10 of the Dungeon)

   It has been specially enchanted to burn those struck by it, causing extra
   injury to most foes and up to half again as much damage against particularly
   susceptible opponents.
   Big, fiery blades are also staple armaments of hydra-hunters.
   It protects you from negative energy.
   It affects your resistance to hostile enchantments.
Armour
 c - a +1 shield (worn)
 j - a +0 pair of gloves
 m - a +0 pair of boots (worn)
 n - a +0 plate armour (worn)
 E - a +0 cloak (worn)
 M - a +1 pair of gloves (worn)
Jewellery
 C - a ring of resist corrosion (left hand)
 K - an amulet of rage (around neck)
 L - a ring of see invisible (right hand)
Wands
 a - a wand of scattershot (5)
 i - a wand of enslavement (9)
 y - a wand of acid (8)
 A - a wand of clouds (4)
 H - a wand of iceblast (17)
Scrolls
 g - 5 scrolls of identify
 l - 3 scrolls of amnesia
 t - 3 scrolls of teleportation
 x - 2 scrolls of fog
 B - 3 scrolls of fear
 F - 7 scrolls of remove curse
 G - 3 scrolls of blinking {unknown}
 I - a scroll of vulnerability {unknown}
Potions
 b - 2 potions of lignification
 d - a potion of might
 e - 3 potions of curing
 h - a potion of ambrosia
 o - 2 potions of brilliance
 p - a potion of resistance
 q - a potion of flight
 r - a potion of magic {unknown}
 s - a potion of mutation
 u - 4 potions of heal wounds
 v - a potion of berserk rage
 w - 3 potions of cancellation
 D - a potion of agility
 O - a potion of haste {unknown}
Comestibles
 f - 16 rations


   Skills:
 + Level 11.3 Fighting
 - Level 2.4 Axes
 + Level 11.5 Armour
 + Level 3.6 Dodging
 + Level 13.6 Shields


You had 10 spell levels left.
You didn't know any spells.
Your spell library contained the following spells:

 Spells                   Type           Power        Failure   Level  Hunger
 Animate Skeleton         Necr           N/A          100%        1    ##.....
 Pain                     Necr           #...         100%        1    ##.....
 Summon Small Mammal      Summ           #...         100%        1    ##.....
 Call Imp                 Summ           #.......     100%        2    ###....
 Poisonous Vapours        Pois/Air       #.....       100%        2    ###....
 Call Canine Familiar     Summ           #.......     100%        3    ####...
 Conjure Flame            Conj/Fire      #.......     100%        3    ####...
 Mephitic Cloud           Conj/Pois/Air  #.......     100%        3    ####...
 Regeneration             Chrm/Necr      #.........   100%        3    ####...
 Summon Guardian Golem    Hex/Summ       #.......     100%        3    ####...
 Vampiric Draining        Necr           #.........   100%        3    ####...
 Animate Dead             Necr           N/A          100%        4    #####..
 Summon Ice Beast         Ice/Summ       #.......     100%        4    #####..
 Summon Lightning Spire   Summ/Air       #.......     100%        4    #####..
 Freezing Cloud           Conj/Ice/Air   #.........   100%        6    #######
 Ring of Flames           Chrm/Fire      #.........   100%        7    #######


Dungeon Overview and Level Annotations

Branches:
Dungeon (11/15)            Temple (1/1) D:5            Lair (0/6) D:10
    Orc (0/2) D:11

Altars:
Ashenzari
Dithmenos
Makhleb
Nemelex Xobeh
Okawaru
Qazlal
Sif Muna
Xom
Yredelemnul

Shops:
D:8 %   D:10 *

Annotations:
D:6 1 runed door, Cykl0x's ghost, novice GrBe


Innate Abilities, Weirdness & Mutations

You reflexively headbutt those who attack you in melee.
You have a pair of horns on your head.
You are partially covered in yellow scales. (AC +2)
You possess an exceptional clarity of mind.


Message History

You hit the ice devil but do no damage.
You feel sick.
The ice devil hits you but does no damage.
You hit the soul eater but do no damage.
You headbutt the soul eater!
The soul eater is lightly wounded.
You feel sick. The soul eater closely misses you.
You riposte.
You barely miss the soul eater.
You headbutt the soul eater, but do no damage.
The soul eater is lightly wounded.
You slash the soul eater! You burn the soul eater.
The soul eater is moderately wounded.
You feel sick. You block the soul eater's attack.
Unknown command.
You barely miss the soul eater.
The soul eater is moderately wounded.
You feel sick.
The soul eater draws from the surrounding life force!
* * * LOW HITPOINT WARNING * * *
The soul eater is healed.
The soul eater hits you!
You die...

### # ##.## #
#†43#####
######
#†#K3@..##
#.....
#K#####..#
#####.#### #4
##.##
#......... .5
#..# #.........
.#
##.###.........
..
#............[
..
#####.........
##.........
#.....>....


You could see a soul eater, a sun demon, an ice devil and a kobold demonologist.

Vanquished Creatures
  Harold (D:8)
  Erica (D:8)
  A two-headed ogre (D:10)
  An unseen horror (D:11)
  Maurice (D:9)
  A hornet (D:11)
  A troll (D:10)
  Sigmund (D:2)
  8 yaks (D:11)
  A steam dragon (D:11)
  A warg (D:11)
  Duvessa (D:5)
  A water moccasin (D:7)
  3 black bears
  A phantom (D:7)
  6 orc warriors
  3 ice beasts
  2 sky beasts
  7 ogres
  9 centaurs
  5 bullfrogs
  Dowan (D:5)
  2 wyvern skeletons
  10 killer bees
  3 howler monkeys (D:11)
  A crimson imp (D:8)
  2 centaur zombies
  4 hounds
  A bullfrog zombie (D:6)
  3 jellies
  An orc priest (D:7)
  A bullfrog skeleton (D:11)
  Terence (D:2)
  4 iguanas
  12 orc wizards
  12 worker ants
  A hound zombie (D:9)
  9 adders
  5 gnolls
  A shadow imp (D:6)
  2 adder zombies
  An adder skeleton (D:5)
  4 worms
  2 dart slugs
  6 leopard geckos
  22 orcs
  3 ball pythons
  7 giant cockroaches
  6 goblins
  10 hobgoblins
  8 jackals
  5 kobolds
  11 quokkas
  8 bats
  2 frilled lizards
  A leopard gecko skeleton (D:4)
  5 rats
233 creatures vanquished.

Notes
Turn   | Place    | Note
-------+----------+-------------------------------------------
     0 | D:1      | Mjsee792 the Minotaur Fighter began the quest for the Orb.
     0 | D:1      | Reached XP level 1. HP: 19/19 MP: 0/0
    51 | D:1      | Reached XP level 2. HP: 26/27 MP: 1/1
   124 | D:1      | Reached skill level 4 in Shields
   200 | D:1      | Reached XP level 3. HP: 34/34 MP: 2/2
   550 | D:2      | Noticed Terence
   559 | D:2      | Killed Terence
   559 | D:2      | Reached XP level 4. HP: 37/41 MP: 3/3
   662 | D:2      | Reached skill level 1 in Dodging
   666 | D:2      | Noticed Sigmund
   672 | D:2      | Reached skill level 5 in Shields
   695 | D:2      | Killed Sigmund
   695 | D:2      | Reached skill level 5 in Fighting
   695 | D:2      | Reached XP level 5. HP: 23/48 MP: 4/4
   695 | D:2      | Reached XP level 6. HP: 26/56 MP: 5/5
  1875 | D:4      | Reached skill level 5 in Armour
  1875 | D:4      | Reached skill level 6 in Shields
  2175 | D:4      | Found a shimmering altar of Xom.
  2209 | D:4      | Found a shimmering altar of Xom.
  2210 | D:4      | Found a shimmering altar of Xom.
  2227 | D:4      | Found a shimmering altar of Xom.
  2313 | D:5      | Entered Level 5 of the Dungeon
  2384 | D:5      | Found a staircase to the Ecumenical Temple.
  2391 | Temple   | Entered the Ecumenical Temple
  2427 | Temple   | Became a worshipper of Warmaster Okawaru
  2494 | D:5      | Noticed Duvessa
  2494 | D:5      | Noticed Dowan
  2508 | D:5      | Killed Duvessa
  2508 | D:5      | Reached XP level 7. HP: 58/63 MP: 6/6
  2512 | D:5      | Killed Dowan
  2804 | D:5      | Reached skill level 7 in Shields
  2807 | D:5      | Reached * piety under Okawaru
  3082 | D:5      | Found a burning altar of Makhleb.
  3246 | D:6      | Found a deep blue altar of Sif Muna.
  3263 | D:6      | Found a runed door.
  3269 | D:6      | Found a shimmering altar of Xom.
  3269 | D:6      | Noticed a long sword of chaos
  3269 | D:6      | Noticed Cykl0x's ghost (novice GrBe)
  3300 | D:6      | Reached XP level 8. HP: 56/73 MP: 5/7
  3522 | D:6      | Reached skill level 8 in Shields
  3962 | D:6      | Reached ** piety under Okawaru
  4219 | D:6      | Found a sparkling altar of Nemelex Xobeh.
  4229 | D:6      | Found a stormy altar of Qazlal.
  4731 | D:7      | Reached skill level 9 in Shields
  4771 | D:7      | Reached XP level 9. HP: 78/81 MP: 8/8
  4877 | D:7      | Found an iron altar of Okawaru.
  5262 | D:7      | Reached *** piety under Okawaru
  5579 | D:8      | Noticed Erica
  5592 | D:8      | Killed Erica
  5592 | D:8      | Reached skill level 10 in Shields
  5844 | D:8      | Gained mutation: Your muscles are strong. (Str +2) [potion
                  | of mutation]
  5844 | D:8      | Gained mutation: Your body sometimes deteriorates upon
                  | taking damage. [potion of mutation]
  5844 | D:8      | Gained mutation: You have a pair of large horns on your
                  | head. [potion of mutation]
  5845 | D:8      | Lost mutation: Your muscles are strong. (Str +2) [potion of
                  | mutation]
  5845 | D:8      | Lost mutation: Your body sometimes deteriorates upon taking
                  | damage. [potion of mutation]
  5845 | D:8      | Lost mutation: You have a pair of large horns on your head.
                  | [potion of mutation]
  5845 | D:8      | Gained mutation: You are resistant to electric shocks.
                  | (rElec) [potion of mutation]
  5845 | D:8      | Gained mutation: You are partially covered in slimy green
                  | scales. (AC +2) [potion of mutation]
  5846 | D:8      | Lost mutation: You are resistant to electric shocks.
                  | (rElec) [potion of mutation]
  5846 | D:8      | Lost mutation: You are partially covered in slimy green
                  | scales. (AC +2) [potion of mutation]
  5846 | D:8      | Gained mutation: You possess an exceptional clarity of
                  | mind. [potion of mutation]
  5846 | D:8      | Gained mutation: You are partially covered in yellow
                  | scales. (AC +2) [potion of mutation]
  5960 | D:8      | Noticed Harold
  5984 | D:8      | HP: 4/83 [Harold/war axe of flaming (1)]
  5991 | D:8      | HP: 3/83 [Harold/war axe of flaming (2)]
  5994 | D:8      | Killed Harold
  5994 | D:8      | Reached **** piety under Okawaru
  5994 | D:8      | Reached skill level 10 in Armour
  5994 | D:8      | Reached skill level 11 in Shields
  6339 | D:8      | Reached XP level 10. HP: 81/92 MP: 9/9
  6682 | D:8      | Found Jopoin's Food Boutique.
  6977 | D:9      | Noticed Maurice
  7199 | D:9      | Killed Maurice
  7208 | D:9      | Reached skill level 10 in Fighting
  7441 | D:10     | Entered Level 10 of the Dungeon
  7474 | D:10     | Reached skill level 12 in Shields
  7477 | D:10     | Reached ***** piety under Okawaru
  7579 | D:10     | Noticed a two-headed ogre
  7589 | D:10     | Killed a two-headed ogre
  7946 | D:10     | Received a gift from Okawaru
  7991 | D:10     | Found a staircase to the Lair.
  8073 | D:10     | Found Zangapur's Assorted Antiques.
  8102 | D:10     | Bought a brightly glowing scimitar for 279 gold pieces
  8102 | D:10     | Bought a potion of heal wounds for 155 gold pieces
  8102 | D:10     | Bought a bubbling dark potion for 27 gold pieces
  8102 | D:10     | Identified the +4 scimitar of the Unkillable {flame, rN+
                  | MR+} (You bought it in a shop on level 10 of the Dungeon)
  8326 | D:11     | Noticed an unseen horror
  8330 | D:11     | Killed an unseen horror
  8330 | D:11     | Reached skill level 13 in Shields
  8342 | D:11     | Reached XP level 11. HP: 87/101 MP: 10/10
  8373 | D:11     | Found a staircase to the Orcish Mines.
  8785 | D:11     | Paralysed by a hornet for 1 turns
  8791 | D:11     | Paralysed by a hornet for 1 turns
  8798 | D:11     | Noticed a sun demon
  8798 | D:11     | Noticed a soul eater
  8802 | D:11     | Slain by a soul eater

Skill      XL: |  1  2  3  4  5  6  7  8  9 10 11 |
---------------+----------------------------------+-----
Fighting       | 4 5 6 7 8 9 10 11 | 11.3
Shields        | 4 5 6 7 9 11 13 | 13.6
Armour         | 4 5 6 8 10 11 | 11.5
Dodging        | 1 2 3 |  3.6
Axes           | |  2.4

Action                   |  1- 3 |  4- 6 |  7- 9 | 10-12 || total
-------------------------+-------+-------+-------+-------++-------
Melee: War axe           |    77 |   158 |   274 |   167 ||   676
       Headbutt          |     8 |    30 |    56 |    53 ||   147
       Scimitar          |       |       |       |   122 ||   122
Evoke: Wand              |       |       |     5 |     1 ||     6
  Use: Scroll            |       |       |    20 |     1 ||    21
       Potion            |       |       |     5 |       ||     5
  Eat: Chunk             |       |     4 |    14 |     7 ||    25
Armor: Scale mail        |    36 |     9 |       |       ||    45
       Plate armour      |       |    79 |   160 |   199 ||   438
Dodge: Dodged            |    26 |    27 |    59 |   126 ||   238
Block: Shield            |    44 |    74 |   166 |   284 ||   568
       Rpst.: Scimitar   |       |       |       |    20 ||    20
